 Dungeon Crawl Stone Soup version 0.28.0-53-g5a82cb258f (webtiles) character file.

Game seed: 5939687893144868262

527001 PhantomBowie the Impregnable (level 25, -1/175 HPs)
             Began as a Gargoyle Fighter on June 5, 2022.
             Was the Champion of Okawaru.
             Killed from afar by a black draconian knight (17 damage)
             ... with a bolt of cold
             ... on level 1 of the Realm of Zot on June 11, 2022.
             The game lasted 06:07:11 (90039 turns).

PhantomBowie the Impregnable (Gargoyle Fighter)    Turns: 90039, Time: 06:07:12

Health: -1/175     AC: 67    Str: 42    XL:     25   Next: 49%
Magic:  0/26       EV: 13    Int: 15    God:    Okawaru [******]
Gold:   5926       SH: 21    Dex:  7    Spells: 24/24 levels left

rFire   + . .      SeeInvis .   m - +5 demon whip (elec)
rCold   + . .      Faith    .   Y - +5 kite shield {reflect}
rNeg    + + .      Spirit   +   t - +0 crystal plate armour of the Engineer {rPois rF+}
rPois   ∞          Reflect  +   I - +2 helmet "Anatuyni" {-Cast rPois rN+}
rElec   +          Harm     .   X - +2 cloak
rCorr   .          Rampage  .   Z - +2 pair of gloves of the Gate {rC+ Int+3}
Will    +....      Rage     3%  L - +2 pair of boots
Stlth   .......... NoCast   +   c - amulet of guardian spirit
HPRegen 0.39/turn               C - +6 ring of strength
MPRegen 0.20/turn               y - ring "Tesaeh" {Str+6 Int+3 Stlth+}

@: heroic, on berserk cooldown, flying
A: sickness immunity, AC +19, big wings, negative energy resistance 1,
electricity resistance, torment resistance 1, petrification resistance, berserk
2, clumsy 1, deterioration 1, low MP 1, screaming 1, weak 1, subdued magic 1
}: 3/15 runes: decaying, slimy, gossamer
a: Renounce Religion, Heroism, Finesse, Duel


You were on level 1 of the Realm of Zot.
You worshipped Okawaru.
Okawaru was exalted by your worship.
You visited 10 branches of the dungeon, and saw 47 of its levels.
You visited the Abyss 1 time.
You also visited: Ossuary and Bailey.

You collected 6430 gold pieces.
You spent 504 gold pieces at shops.

Inventory:

Hand Weapons
 g - the +3 demon whip of Totintea {drain, rPois}
   (Okawaru gifted it to you on level 1 of the Depths)

   A truly terrible weapon, it drains the life of any living foe it strikes.
   rPois:     It protects you from poison.
 m - a +5 demon whip of electrocution (weapon)
Missiles
 k - 47 poisoned darts
 n - 9 silver javelins (quivered)
 s - 8 boomerangs of dispersal
 v - a throwing net
 A - 19 atropa-tipped darts
 S - 11 curare-tipped darts
Armour
 t - the +0 crystal plate armour of the Engineer (worn) {rPois rF+}
   (Okawaru gifted it to you on level 2 of the Orcish Mines)

   rF:        It protects you from fire.
   rPois:     It protects you from poison.
 I - the +2 helmet "Anatuyni" (worn) {-Cast rPois rN+}
   (You bought it in a shop on level 2 of the Orcish Mines)

   rPois:     It protects you from poison.
   rN:        It protects you from negative energy.
   -Cast:     It prevents spellcasting.
 L - a +2 pair of boots (worn)
 U - the +3 kite shield of a wizard's laboratory {*Corrode rElec Will+ SInv}
   (Okawaru gifted it to you on level 1 of the Lair of Beasts)

   rElec:     It insulates you from electricity.
   SInv:      It lets you see invisible.
   *Corrode:  It may corrode you when you take damage.
   Will:      It increases your willpower.
 X - a +2 cloak (worn)
 Y - a +5 kite shield of reflection (worn)
 Z - the +2 pair of gloves of the Gate (worn) {rC+ Int+3}
   (You found it on level 3 of the Spider Nest)

   Int:       It affects your intelligence (+3).
   rC:        It protects you from cold.
Jewellery
 a - the ring "Fecoaty" {EV+4 Dex+4}
   (You bought it in a shop on level 2 of the Orcish Mines)

   [ring of evasion]

   EV:        It affects your evasion (+4).
   Dex:       It affects your dexterity (+4).
 c - an amulet of guardian spirit (around neck)
 u - a +6 ring of strength
 y - the ring "Tesaeh" (right hand) {Str+6 Int+3 Stlth+}
   (You found it on level 3 of the Vaults)

   [ring of strength]

   Str:       It affects your strength (+6).
   Int:       It affects your intelligence (+3).
   Stlth:     It makes you more stealthy.
 C - a +6 ring of strength (left hand)
 Q - the ring "Ziysit" {rF+ rCorr Int-5 Dex+2 SInv}
   (You found it on level 1 of the Swamp)

   [ring of resist corrosion]

   Int:       It affects your intelligence (-5).
   Dex:       It affects your dexterity (+2).
   rF:        It protects you from fire.
   SInv:      It lets you see invisible.
   rCorr:     It protects you from acid and corrosion.
 T - a ring of positive energy
Wands
 D - a wand of flame (119)
 N - a wand of acid (16)
 P - a wand of iceblast (31)
 W - a wand of digging (7)
Scrolls
 d - a scroll of blinking
 h - 3 scrolls of magic mapping
 i - 12 scrolls of fear
 j - 13 scrolls of immolation
 l - 8 scrolls of vulnerability
 p - 5 scrolls of silence
 w - 22 scrolls of teleportation
 x - 2 scrolls of torment
 z - a scroll of acquirement
 H - 3 scrolls of holy word
 R - 5 scrolls of fog
Potions
 b - 6 potions of ambrosia
 e - 12 potions of attraction
 f - 14 potions of curing
 o - 5 potions of berserk rage
 q - 7 potions of haste
 r - 6 potions of heal wounds
 B - 4 potions of invisibility
 F - 3 potions of cancellation
 J - 8 potions of mutation
 K - a potion of resistance
 M - 9 potions of lignification


   Skills:
 + Level 22.5(27) Fighting
 - Level 18.3(23.3) Maces & Flails
 + Level 12.2(17.2) Throwing
 + Level 22.6(27) Armour
 + Level 14.0(19.0) Dodging
 + Level 22.6(27) Shields
 - Level 9.0 Invocations


You had 24 spell levels left.
You didn't know any spells.
Your spell library contained the following spells:

 Spells                   Type           Power      Damage    Failure   Level
 Magic Dart               Conj           0%         1d3       61%         1
 Pain                     Necr           0%         1d4       61%         1
 Shock                    Conj/Air       0%         1d3       61%         1
 Sting                    Tmut/Pois      0%         1d3       61%         1
 Poisonous Vapours        Pois/Air       0%         N/A       77%         2
 Scorch                   Fire           0%         2d5       77%         2
 Searing Ray              Conj           0%         2d4       77%         2
 Static Discharge         Conj/Air       0%         N/A       77%         2
 Wereblood                Tmut           0%         N/A       77%         2
 Conjure Flame            Conj/Fire      0%         6-21      94%         3
 Frozen Ramparts          Ice            0%         1d2       94%         3
 Ignite Poison            Fire/Tmut/Pois 0%         N/A       94%         3
 Inner Flame              Hex/Fire       0%         N/A       94%         3
 Lesser Beckoning         Tloc           0%         N/A       94%         3
 Mephitic Cloud           Conj/Pois/Air  0%         N/A       94%         3
 Portal Projectile        Hex/Tloc       0%         N/A       94%         3
 Swiftness                Air            0%         N/A       94%         3
 Teleport Other           Tloc           0%         N/A       94%         3
 Vampiric Draining        Necr           0%         2d6       94%         3
 Airstrike                Air            0%         N/A       100%        4
 Cause Fear               Hex            0%         N/A       100%        4
 Fulminant Prism          Conj/Hex       0%         3d6       100%        4
 Ice Form                 Ice/Tmut       0%         N/A       100%        4
 Iskenderun's Mystic Bla  Conj/Tloc      0%         2d3       100%        4
 Leda's Liquefaction      Hex/Erth       0%         N/A       100%        4
 Olgreb's Toxic Radiance  Pois           0%         N/A       100%        4
 Passage of Golubria      Tloc           0%         N/A       100%        4
 Petrify                  Tmut/Erth      0%         N/A       100%        4
 Sticky Flame             Conj/Fire      0%         2d3       100%        4
 Alistair's Intoxication  Tmut/Pois      0%         N/A       100%        5
 Blade Hands              Tmut           0%         N/A       100%        5
 Borgnjor's Vile Clutch   Necr/Erth      0%         N/A       100%        5
 Excruciating Wounds      Necr           0%         N/A       100%        5
 Fireball                 Conj/Fire      0%         3d3       100%        5
 Freezing Cloud           Conj/Ice/Air   0%         6-21      100%        5
 Irradiate                Conj/Tmut      0%         3d14      100%        5
 Iskenderun's Battlesphe  Conj           0%         2d6       100%        5
 Lightning Bolt           Conj/Air       0%         1d11      100%        5
 Manifold Assault         Tloc           0%         N/A       100%        5
 Metabolic Englaciation   Hex/Ice        0%         N/A       100%        5
 Silence                  Hex/Air        0%         N/A       100%        5
 Conjure Ball Lightning   Conj/Air       0%         3x3d6     100%        6
 Dispersal                Tloc           0%         N/A       100%        6
 Eringya's Noxious Bog    Tmut/Pois      0%         N/A       100%        6
 Iron Shot                Conj/Erth      0%         9d1       100%        6
 Orb of Destruction       Conj           0%         9d5       100%        7
 Discord                  Hex            0%         N/A       100%        8
 Disjunction              Tloc           0%         N/A       100%        8
 Ignition                 Fire           0%         3d3       100%        8
 Lehudib's Crystal Spear  Conj/Erth      0%         10d2      100%        8
 Maxwell's Capacitive Co  Air            0%         ∞         100%        8
 Chain Lightning          Conj/Air       0%         N/A       100%        9
 Animate Skeleton         Necr           Unusable   N/A       N/A         1
 Summon Small Mammal      Summ           Unusable   N/A       N/A         1
 Call Imp                 Summ           Unusable   N/A       N/A         2
 Sublimation of Blood     Necr           Unusable   N/A       N/A         2
 Call Canine Familiar     Summ           Unusable   N/A       N/A         3
 Summon Guardian Golem    Hex/Summ       Unusable   N/A       N/A         3
 Animate Armour           Summ/Erth      Unusable   N/A       N/A         4
 Summon Ice Beast         Ice/Summ       Unusable   N/A       N/A         4
 Summon Lightning Spire   Summ/Air       Unusable   N/A       N/A         4
 Statue Form              Tmut/Erth      Unusable   N/A       N/A         6
 Malign Gateway           Summ/Tloc      Unusable   N/A       N/A         7
 Summon Hydra             Summ           Unusable   N/A       N/A         7

Dungeon Overview and Level Annotations

Branches:
Dungeon (15/15)            Temple (1/1) D:7            Lair (6/6) D:11
  Swamp (4/4) Lair:3       Spider (4/4) Lair:4        Slime (5/5) Lair:6
    Orc (2/2) D:12            Elf (0/3) Orc:2        Vaults (4/5) D:14
  Crypt (0/3) Vaults:3     Depths (4/4) D:15            Zot (2/5) Depths:4
Ossuary (visited)          Bailey (visited)

Altars:
Ashenzari
Cheibriados
Dithmenos
Elyvilon
Fedhas
Gozag
Hepliaklqana
Kikubaaqudgha
Makhleb
Nemelex Xobeh
Okawaru
Qazlal
Ru
Sif Muna
Trog
Uskayaw
Vehumet
Wu Jian
Xom
Yredelemnul
Zin
The Shining One
Beogh
Jiyva

Shops:
D:1 :   D:6 ([!(?   D:11 !   D:12 [   D:15 :   Orc:2 [(?*   Vaults:2 ((
Vaults:3 (   Vaults:4 (   Depths:1 =:   Depths:3 (

Portals:
Hell: Depths:1 Depths:2 Depths:3 Depths:4
Abyss: Depths:3 Depths:4
Pandemonium: Depths:2* Depths:3
Ziggurat: Depths:3
Trove: D:10 (give +3 shadow dragon scales)

Annotations:
D:5 3 runed translucent doors, mortz's ghost, novice TeAE
D:13 exclusions: obsidian statue and orange crystal statue
Lair:6 3 runed translucent doors, Fashaeth's ghost, adept VSFi
Swamp:1 3 runed translucent doors, pkoi's ghost, journeyman DgAE
Orc:1 3 runed translucent doors, GilGalad's ghost, journeyman MiFi; jiml777's ghost, journeyman GrEE; pesado's ghost, adept HOBe; slughead422's ghost, journeyman GrBe
Depths:4 3 runed translucent doors


Innate Abilities, Weirdness & Mutations

You are immune to sickness and miasma.
Your stone body is resilient. (AC +19)
You are immune to poison.
Your large and strong wings let you fly.
You resist negative energy. (rN+)
You are resistant to electric shocks. (rElec)
You are resistant to unholy torment.
You are immune to petrification.
You often lose your temper in combat.
You are clumsy. (Dex -2)
Your body sometimes deteriorates upon taking damage.
Your magical capacity is low. (-10% MP)
You occasionally shout uncontrollably at your foes.
You are weak. (Str -2)
Your spells are a little easier to cast, but a little less powerful.


Message History

You feel much better. Something hits you but does no damage.
You writhe in agony.
* * * LOW HITPOINT WARNING * * *
You block the red draconian's attack.
A bolt of lightning appears from out of thin air!
The bolt of lightning hits you! You resist.
* * * LOW HITPOINT WARNING * * *
Something hits you but does no damage.
Okay, then.
You whack the red draconian!
Lightning courses through the red draconian!!
The red draconian is heavily wounded.
Something hits you but does no damage. You block the red draconian's attack.
You hit the red draconian but do no damage.
Lightning courses through the red draconian!
The red draconian is severely wounded.
A bolt of lightning appears from out of thin air!
The bolt of lightning misses you. Something hits you but does no damage.
You thrash the red draconian!!
The red draconian is almost dead.
You hear some strange, mumbled words.
A bolt of cold appears from out of thin air!
The bolt of cold hits you but does no damage.
You block the red draconian's attack. Something hits you but does no damage.
You whack the red draconian!
You kill the red draconian!
Okawaru accepts your kill.
You hear some strange, mumbled words.
A shard of ice appears from out of thin air!
Your +5 kite shield of reflection reflects the shard of ice!
The shard of ice hits something!!
You whack something! Something hits you!
* * * LOW HITPOINT WARNING * * *
Something hits you but does no damage.
You writhe in agony.
* * * LOW HITPOINT WARNING * * *
You whack something!
You hear some strange, mumbled words.
A bolt of cold appears from out of thin air!
The bolt of cold hits you!! You resist.
You die...

##################
##..)..............
##..................
##...................
##........############
##.........# ##.....@{...##
##.....){.....# ##.............#
##..............#
##...............#
##...>#...........###########
#....##......................
############..#####..............
≈##≈§§##≈#####..###..............


There were no monsters in sight!

Vanquished Creatures
  the Royal Jelly (Slime:5)
  An orb of fire (Zot:1)
  A juggernaut (Depths:1)
  Sojobo (Depths:4)
  Frederick (Depths:4)
  Saint Roka (Orc:2)
  3 caustic shrikes (Depths:4)
  5 golden dragons
  Nikola (Vaults:3)
  Jory (Depths:1)
  Arachne (Spider:2)
  Rupert (D:13)
  A hellephant (Depths:2)
  Asterion (Depths:1)
  6 tentacled monstrosities
  A walking earthen tome (Depths:3)
  7 liches
  3 quicksilver dragons
  28 acid blobs
  A walking divine tome (Depths:3)
  A titan (Vaults:3)
  An Executioner (Abyss:3)
  2 death cobs (Zot:1)
  Frances (D:13)
  2 sphinxes
  Kirke (Swamp:2)
  A thorn hunter (Swamp:4)
  5 draconian monks
  7 tengu reavers
  A revenant (Depths:2)
  8 shadow dragons
  4 storm dragons
  17 azure jellies
  10 rockslimes
  The ghost of AyAyRon the Bludgeoner, an adept DsFi of Yredelemnul (D:15)
  Donald (Orc:2)
  A draconian knight (Zot:1)
  17 vault wardens
  13 frost giants
  4 orc warlords
  5 fire giants
  3 iron dragons
  4 ghost moths
  A deep elf sorcerer (Vaults:4)
  2 draconian stormcallers (Zot:1)
  A spectral caustic shrike (Depths:2)
  3 draconian shifters (Zot:1)
  Louise (Spider:3)
  A spectral juggernaut (Depths:2)
  8 emperor scorpions
  4 draconian scorchers
  6 broodmothers
  Aizul (Spider:3)
  3 war gargoyles
  6 draconian annihilators
  19 ironbound preservers
  5 stone giants
  A spriggan defender (Depths:3)
  5 vampire knights
  23 very ugly things
  10 black draconians
  Nessos (D:14)
  24 quicksilver oozes
  12 ironbound thunderhulks
  6 green draconians
  An eleionoma (Swamp:4)
  2 deep elf annihilators
  9 white draconians
  6 red draconians
  7 spark wasps
  Azrael (Spider:3)
  7 entropy weavers
  4 purple draconians
  4 bunyips
  2 dire elephants
  6 yellow draconians
  2 eidola
  4 deep elf death magi (Depths:2)
  A blizzard demon (Depths:4)
  6 jiangshi
  3 spectral golden dragons (Depths:2)
  3 shambling mangroves
  7 ettins
  2 rakshasas (Depths:1)
  15 fire dragons
  16 yaktaur captains
  16 great orbs of eyes
  Fannar (Lair:3)
  Harold (D:8)
  8 ice dragons
  7 boulder beetles
  2 spectral tengu
  A spriggan zombie (Depths:2)
  Erolcha (D:9)
  21 hydras
  A catoblepas (Lair:6)
  2 spriggan air magi (Depths:1)
  12 vault guards
  A spectral shadow dragon (Depths:2)
  3 peacekeepers
  A jorogumo (Spider:2)
  A juggernaut simulacrum (Depths:2)
  3 hell beasts (Depths:2)
  13 ironbound frosthearts
  An ogre mage (Vaults:3)
  A jorogumo (shapeshifter) (D:15)
  The ghost of Holdthepickle the Fighter, a novice MiBe of Trog (Lair:1)
  2 radroaches
  An anaconda (shapeshifter) (Depths:4)
  17 centaur warriors
  A ghost crab (Swamp:2)
  A merfolk avatar (Lair:6)
  7 two-headed ogres
  5 tengu warriors
  7 deep troll earth magi
  5 alligators
  4 death yaks (Lair:5)
  11 deep troll shamans
  2 vampire magi
  Urug (D:13)
  11 hell hogs
  A spriggan berserker (Depths:4)
  A titan zombie (Depths:2)
  A hell knight (Depths:3)
  Sonja (Lair:6)
  A storm dragon zombie (Depths:2)
  4 shadow wraiths
  2 wretched stars (Abyss:3)
  A fire crab (D:14)
  11 skeletal warriors
  7 iron trolls
  2 goliath frogs (Swamp:1)
  2 bunyip zombies (Swamp:1)
  A sun moth (Spider:2)
  6 spriggan druids
  2 sixfirhies
  7 pharaoh ants
  A spark wasp zombie (D:15)
  55 deep trolls
  5 flayed ghosts
  6 steelbarb worms
  15 orb spiders
  9 lindwurms
  A death drake (Swamp:4)
  A shadow dragon zombie (Depths:1)
  5 bog bodies
  A death drake (shapeshifter) (Depths:4)
  11 wizards
  A tengu zombie (Depths:2)
  4 glowing orange brains
  A golden dragon skeleton (Depths:2)
  16 ironbound convokers
  A harpy (Lair:6)
  5 phantasmal warriors
  12 swamp dragons
  7 necromancers
  22 wolf spiders
  5 deep elf pyromancers
  An iron dragon zombie (Depths:2)
  3 shining eyes
  6 orc knights
  4 cyclopes
  A frost giant zombie (Vaults:2)
  An oklob plant (D:6)
  5 manticores
  44 ugly things
  3 orc sorcerers
  6 will-o-the-wisps
  An iron dragon skeleton (Depths:2)
  6 elephants
  2 salamanders
  15 moths of wrath
  Maurice (D:8)
  2 black mambas
  15 vault sentinels
  7 torpor snails
  5 eyes of devastation
  A fire giant skeleton (Depths:1)
  4 gargoyles
  A smoke demon (Abyss:3)
  A hellion (Abyss:3)
  10 rime drakes
  Psyche (D:8)
  An unseen horror (D:10)
  7 demonic crawlers
  14 komodo dragons
  17 cane toads
  2 efreet (D:14)
  2 yaktaur zombies
  31 yaktaurs
  4 freezing wraiths
  2 golden dragon simulacra
  3 trolls
  5 human zombies
  A spriggan skeleton (Depths:2)
  4 ancient zymes (Abyss:3)
  A queen bee (Spider:3)
  10 polar bears
  A large abomination (Abyss:3)
  10 meliai
  A tengu simulacrum (Vaults:1)
  11 hornets
  A shadow dragon simulacrum (Depths:1)
  A wind drake (Lair:6)
  121 slime creatures
  2 ettin zombies (Vaults:4)
  9 tyrant leeches
  A blink frog (shapeshifter) (D:15)
  25 tarantellas
  A stone giant simulacrum (D:15)
  An alligator zombie (Swamp:1)
  6 dream sheep (Lair:5)
  5 blink frogs (Lair:6)
  A frost giant simulacrum (Depths:2)
  3 small abominations (Abyss:3)
  Sigmund (D:2)
  An ettin skeleton (Vaults:4)
  20 jumping spiders
  A ynoxinul (Abyss:3)
  3 flying skulls (Depths:2)
  2 shadows
  21 culicivoras
  8 spriggans
  6 water elementals
  3 wraiths
  2 vampires (Bailey)
  9 wyverns
  31 yaks
  5 steam dragons
  22 golden eyes
  5 basilisks
  5 fire elementals (Spider:3)
  3 hogs (Swamp:2)
  19 humans
  19 vampire mosquitoes
  55 redbacks
  16 swamp worms
  3 wargs
  Edmund (D:5)
  4 acid dragons
  3 hell hounds (Spider:3)
  Duvessa (D:6)
  15 water moccasins
  A hydra simulacrum (Swamp:1)
  33 orc warriors
  6 swamp drakes
  3 sky beasts
  8 black bears
  A deep troll simulacrum (Vaults:1)
  9 ogres
  A swamp dragon zombie (Swamp:1)
  5 boggarts
  12 centaurs
  9 wolves
  A phantom (D:5)
  2 kobold brigands
  A human simulacrum (Depths:1)
  14 bullfrogs
  A glowing shapeshifter simulacrum (Vaults:4)
  Dowan (D:6)
  27 killer bees
  11 vampire bats
  11 wights
  5 wolf zombies (Bailey)
  4 starcursed masses (Abyss:3)
  3 centaur zombies
  19 jellies
  2 quasits
  A bullfrog zombie (D:7)
  2 hounds (D:5)
  23 orc priests
  2 gnoll shamans
  4 centaur skeletons
  4 iguanas
  28 orc wizards
  5 polar bear simulacra (Lair:5)
  2 yak simulacra (Lair:5)
  3 wolf simulacra (Lair:5)
  A centaur simulacrum (D:10)
  A hound skeleton (D:4)
  A mummy (Ossuary)
  A howler monkey zombie (D:9)
  22 gnolls
  A howler monkey skeleton (D:7)
  4 adders (D:5)
  A shadow imp (D:6)
  4 white imps
  5 ufetubi
  2 worms
  104 orcs
  20 endoplasms
  2 giant cockroaches
  8 goblins
  3 hobgoblins
  8 jackals
  15 kobolds
  7 quokkas
  5 ball pythons
  14 bats
  2 frilled lizards
  3 gnoll skeletons (Ossuary)
  8 kobold skeletons (Ossuary)
  14 orc skeletons (Ossuary)
  23 orc zombies (Bailey)
  5 rats
  A river rat simulacrum (Lair:5)
  4 briar patches
2121 creatures vanquished.

Vanquished Creatures (others)
  A fire giant (Depths:3)
  A kobold demonologist (D:11)
  2 hornets
  2 bloated husks
  A tarantella (Spider:4)
  A spriggan (Swamp:2)
  3 jumping spiders
  A redback (Spider:3)
  A swamp drake (Swamp:4)
  A killer bee (Spider:3)
  An orc wizard (D:4)
  A small abomination (Abyss:3)
  2 briar patches (Swamp:1)
  A bush (Lair:1)
  19 foxfires
  25 fungi
  A lurking horror (Abyss:3)
  113 plants
  2 withered plants (Orc:1)
179 creatures vanquished.

Grand Total: 2300 creatures vanquished

Notes
Turn   | Place    | Note
-------+----------+-------------------------------------------
     0 | D:1      | PhantomBowie the Gargoyle Fighter began the quest for the
                  | Orb.
     0 | D:1      | Reached XP level 1. HP: 14/14 MP: 1/1
   100 | D:1      | Found Amyiborgh's Book Shoppe.
   340 | D:1      | Reached XP level 2. HP: 19/19 MP: 2/2
   923 | D:1      | Reached XP level 3. HP: 23/23 MP: 3/3
  1798 | D:2      | Reached XP level 4. HP: 26/29 MP: 4/4
  1852 | D:2      | Found a faded altar of an unknown god.
  1913 | D:2      | Noticed Sigmund
  1930 | D:2      | Killed Sigmund
  1931 | D:2      | Reached XP level 5. HP: 6/34 MP: 5/5
  1931 | D:2      | Reached XP level 6. HP: 7/39 MP: 6/6
  2179 | D:2      | Found an opulent altar of Gozag.
  3456 | D:3      | Found a hide-covered altar of Uskayaw.
  3456 | D:3      | Found a hazy altar of Hepliaklqana.
  3845 | D:4      | Reached skill level 5 in Fighting
  3845 | D:4      | Reached skill level 5 in Armour
  3845 | D:4      | Reached skill level 5 in Shields
  3845 | D:4      | Reached XP level 7. HP: 4/44 MP: 7/7
  4831 | D:4      | Identified the +7 hunting sling "Legupt" {flame, rPois rF+
                  | Str+4 Dex-5}
  5135 | D:5      | Entered Level 5 of the Dungeon
  5381 | D:5      | Found a sand-covered staircase.
  5385 | Ossuary  | Entered an ossuary
  5385 | Ossuary  | Noticed a wraith
  5385 | Ossuary  | Noticed a wraith
  5385 | Ossuary  | Noticed a wraith
  5661 | Ossuary  | Noticed a wraith
  5699 | Ossuary  | Killed a wraith
  5700 | Ossuary  | Reached XP level 8. HP: 37/51 MP: 8/8
  6037 | D:5      | Reached skill level 5 in Maces & Flails
  6208 | D:5      | Found a runed translucent gate.
  6209 | D:5      | Found a runed translucent gate.
  6209 | D:5      | Noticed mortz's ghost (novice TeAE)
  6210 | D:5      | Found a runed translucent gate.
  6627 | D:5      | Found a burning altar of Makhleb.
  6860 | D:5      | Noticed Edmund
  6923 | D:5      | Killed Edmund
  7361 | D:6      | Noticed a wraith
  7371 | D:6      | Killed a wraith
  7372 | D:6      | Reached XP level 9. HP: 42/56 MP: 9/9
  7496 | D:6      | Found Ilogaij's Distillery.
  7742 | D:6      | Found Kenicwil's Antique Weapon Boutique.
  7743 | D:6      | Identified the +11 whip of the Real Monster {vorpal,
                  | Fragile rF++ Str+7}
  7996 | D:6      | Found Heurery's Magic Scroll Shoppe.
  7999 | D:6      | Bought a scroll of identify for 20 gold pieces
  8032 | D:6      | Noticed an oklob plant
  8079 | D:6      | Noticed Duvessa
  8086 | D:6      | Noticed Dowan
  8097 | D:6      | Killed Duvessa
  8103 | D:6      | Killed Dowan
  8111 | D:6      | Found Sostuafa's Weapon Shop.
  8434 | D:6      | Found Tucwus's Antique Armour Shoppe.
  8450 | D:5      | Found a sparkling altar of Nemelex Xobeh.
  8450 | D:5      | Found a stormy altar of Qazlal.
  8698 | D:6      | Killed an oklob plant
  8877 | D:7      | Reached XP level 10. HP: 64/64 MP: 10/10
  8906 | D:7      | Found a staircase to the Ecumenical Temple.
  8950 | Temple   | Entered the Ecumenical Temple
  8986 | Temple   | Became a worshipper of Warmaster Okawaru
  9352 | D:7      | Found a flagged portal.
  9367 | Bailey   | Entered a bailey
  9524 | Bailey   | Reached skill level 1 in Invocations
  9527 | Bailey   | Reached * piety under Okawaru
  9560 | Bailey   | Noticed a gargoyle
  9581 | Bailey   | Killed a gargoyle
 10048 | Bailey   | Reached ** piety under Okawaru
 10428 | D:7      | You fall into a shaft and drop 3 floors!
 10428 | D:10     | Entered Level 10 of the Dungeon
 10483 | D:10     | Killed an unseen horror
 10692 | D:9      | Found an opulent altar of Gozag.
 10698 | D:9      | Noticed Erolcha
 10715 | D:9      | Killed Erolcha
 10716 | D:9      | Reached XP level 11. HP: 57/71 MP: 13/13
 10835 | D:9      | Reached *** piety under Okawaru
 11551 | D:8      | Noticed Maurice
 11579 | D:8      | Killed Maurice
 11763 | D:8      | Noticed Psyche
 11778 | D:8      | Killed Psyche
 11779 | D:8      | Noticed Harold
 11804 | D:8      | Killed Harold
 11804 | D:8      | Reached **** piety under Okawaru
 11805 | D:8      | Reached skill level 10 in Armour
 11811 | D:8      | Reached skill level 10 in Fighting
 11811 | D:8      | Reached skill level 10 in Shields
 12002 | D:8      | Reached skill level 5 in Invocations
 12445 | D:9      | Noticed a tengu warrior
 12453 | D:9      | Reached ***** piety under Okawaru
 12465 | D:9      | Killed a tengu warrior
 12489 | D:9      | Noticed a deep troll
 12489 | D:9      | Noticed a seven-headed hydra
 12496 | D:9      | Killed a seven-headed hydra
 12502 | D:9      | Killed a deep troll
 12503 | D:9      | Reached XP level 12. HP: 67/78 MP: 14/16
 12561 | D:9      | Got Sif Muna's Volume of Destructive Orientation
 12688 | D:9      | Found a sacrificial altar of Ru.
 12989 | D:10     | Found an opulent altar of Gozag.
 12993 | D:10     | Noticed a two-headed ogre
 13324 | D:10     | Received a gift from Okawaru
 13490 | D:10     | Killed a two-headed ogre
 13540 | D:10     | Found a portal to a secret trove of treasure.
 13787 | D:11     | Found a staircase to the Lair.
 13925 | D:11     | Found Socrual's Distillery.
 14399 | Lair:1   | Entered Level 1 of the Lair of Beasts
 14481 | Lair:1   | Reached skill level 10 in Maces & Flails
 14718 | Lair:1   | Found a runed translucent door.
 14726 | Lair:1   | Noticed Holdthepickle's ghost (novice MiBe)
 14878 | Lair:1   | Reached ****** piety under Okawaru
 14915 | Lair:1   | Identified the +3 kite shield of a wizard's laboratory
                  | {*Corrode rElec Will+ SInv} (Okawaru gifted it to you on
                  | level 1 of the Lair of Beasts)
 14915 | Lair:1   | Received a gift from Okawaru
 15037 | Lair:1   | Noticed a five-headed hydra
 15047 | Lair:1   | Killed a five-headed hydra
 15453 | Lair:2   | Reached XP level 13. HP: 69/84 MP: 18/18
 16145 | Lair:2   | Found a snail-covered altar of Cheibriados.
 17000 | Lair:3   | Found a staircase to the Swamp.
 17044 | Lair:3   | Noticed Fannar
 17056 | Lair:3   | Killed Fannar
 17659 | Lair:4   | Identified the +2 hat of Xyteycomi {+Inv Will- Int+9 Dex-2}
                  | (Okawaru gifted it to you on level 4 of the Lair of Beasts)
 17659 | Lair:4   | Received a gift from Okawaru
 18192 | Lair:4   | Reached skill level 1 in Throwing
 18221 | Lair:4   | Found a hole to the Spider Nest.
 18521 | Lair:5   | Found a broken altar of Ashenzari.
 18644 | Lair:5   | Gained mutation: Your large and strong wings let you fly.
                  | [Gargoyle growth]
 18644 | Lair:5   | Reached XP level 14. HP: 92/92 MP: 20/20
 18790 | Lair:5   | Identified the +1 robe of the Echidna {rN+ Str+4}
 18907 | Lair:5   | Identified the +6 scale mail of Dithmenos's Whim {rCorr}
 19359 | Lair:6   | Entered Level 6 of the Lair of Beasts
 19397 | Lair:6   | Noticed Sonja
 19535 | Lair:5   | Received a gift from Okawaru
 19675 | Lair:6   | Noticed a dire elephant
 19882 | Lair:6   | Killed a dire elephant
 19971 | Lair:6   | Found the +5 sword of Power {vorpal}
 19987 | Lair:6   | Killed Sonja
 20088 | Lair:6   | Identified the +4 flail of Virtue {antimagic, Int+3}
                  | (Okawaru gifted it to you on level 6 of the Lair of Beasts)
 20088 | Lair:6   | Received a gift from Okawaru
 20137 | Lair:6   | Found a runed translucent gate.
 20137 | Lair:6   | Found a runed translucent gate.
 20137 | Lair:6   | Found a runed translucent gate.
 20137 | Lair:6   | Noticed Fashaeth's ghost (adept VSFi)
 20192 | Lair:6   | Found a staircase to the Slime Pits.
 20726 | Lair:1   | Killed Holdthepickle's ghost
 21322 | D:12     | Found Eproasue's Antique Armour Boutique.
 21382 | D:12     | Found a staircase to the Orcish Mines.
 21912 | Orc:1    | Entered Level 1 of the Orcish Mines
 22311 | D:13     | Reached XP level 15. HP: 95/100 MP: 19/21
 22319 | D:13     | Reached skill level 5 in Throwing
 22690 | D:13     | Identified the +3 great mace "Urimun" {chaos, Fly Str+2
                  | Dex-5} (Okawaru gifted it to you on level 13 of the
                  | Dungeon)
 22690 | D:13     | Received a gift from Okawaru
 23962 | D:14     | Noticed Urug
 23962 | D:14     | Noticed Rupert
 23962 | D:14     | Noticed Nessos
 23962 | D:14     | Found a gate to the Vaults.
 24061 | D:13     | Killed Rupert
 24323 | D:14     | Noticed Frances
 24686 | Orc:1    | Noticed an orc warlord
 24750 | D:12     | Killed an orc warlord
 24885 | Orc:1    | Found a runed translucent gate.
 24885 | Orc:1    | Found a runed translucent gate.
 24885 | Orc:1    | Found a runed translucent gate.
 24886 | Orc:1    | Noticed slughead422's ghost (journeyman GrBe)
 24886 | Orc:1    | Noticed pesado's ghost (adept HOBe)
 24906 | Orc:1    | Noticed GilGalad's ghost (journeyman MiFi)
 24907 | Orc:1    | Noticed jiml777's ghost (journeyman GrEE)
 25028 | Orc:2    | Entered Level 2 of the Orcish Mines
 25036 | Orc:1    | Noticed an orc warlord
 25036 | Orc:1    | Noticed an orc warlord
 25184 | Orc:1    | Killed an orc warlord
 25673 | Orc:2    | Found a dark tunnel.
 25950 | Orc:2    | Found Dirolieh's Assorted Antiques.
 25960 | Orc:2    | Bought a crude bone ring for 125 gold pieces
 25960 | Orc:2    | Identified the ring "Fecoaty" {EV+4 Dex+4} (You bought it
                  | in a shop on level 2 of the Orcish Mines)
 25960 | Orc:2    | Bought a scroll of identify for 50 gold pieces
 26066 | Orc:2    | Noticed Saint Roka
 26582 | Orc:2    | Killed Saint Roka
 26582 | Orc:2    | Identified the +0 crystal plate armour of the Engineer
                  | {rPois rF+} (Okawaru gifted it to you on level 2 of the
                  | Orcish Mines)
 26582 | Orc:2    | Received a gift from Okawaru
 26840 | Orc:2    | Found Otzuxt's Antique Weapon Shop.
 26844 | Orc:2    | Found Izxoj's Antique Armour Boutique.
 26849 | Orc:2    | Bought a smoking helmet for 218 gold pieces
 26849 | Orc:2    | Identified the +2 helmet "Anatuyni" {-Cast rPois rN+} (You
                  | bought it in a shop on level 2 of the Orcish Mines)
 26922 | Orc:2    | Noticed Donald
 26946 | Orc:2    | Killed Donald
 27136 | Orc:1    | Killed an orc warlord
 27374 | Orc:2    | Found Kos Qiyc's Magic Scroll Shop.
 27391 | Orc:2    | Bought a scroll of identify for 26 gold pieces
 27391 | Orc:2    | Bought a scroll of identify for 26 gold pieces
 27391 | Orc:2    | Bought a scroll of teleportation for 39 gold pieces
 27637 | Orc:2    | Found a staircase to the Elven Halls.
 28121 | D:13     | Killed Frances
 28455 | D:13     | Killed Urug
 28614 | D:14     | Killed Nessos
 29011 | D:14     | Reached XP level 16. HP: 92/107 MP: 18/22
 29810 | D:14     | Received a gift from Okawaru
 30100 | D:15     | Entered Level 15 of the Dungeon
 30163 | D:15     | Reached skill level 15 in Shields
 30182 | D:15     | Received a gift from Okawaru
 30183 | D:15     | Reached skill level 15 in Armour
 30321 | D:15     | Reached skill level 15 in Fighting
 30456 | D:15     | Found Pilipieg's Book Emporium.
 30492 | D:15     | Reached skill level 1 in Dodging
 30522 | D:15     | Found a transporter.
 30524 | D:15     | Noticed AyAyRon's ghost (adept DsFi)
 30526 | D:15     | Found a transporter.
 30727 | D:15     | Found an ornate altar of the Wu Jian Council.
 30859 | D:15     | Found a staircase to the Depths.
 30879 | D:15     | Identified a scroll of acquirement
 31271 | Spider:1 | Entered Level 1 of the Spider Nest
 32413 | Spider:1 | Gained mutation: Your spells are a little easier to cast,
                  | but a little less powerful. [mutagenic glow]
 32429 | Spider:1 | Gained mutation: You are weak. (Str -2) [mutagenic glow]
 33523 | Spider:2 | Received a gift from Okawaru
 33859 | Spider:2 | Received a gift from Okawaru
 33860 | Spider:2 | Reached XP level 17. HP: 103/113 MP: 19/23
 35990 | Spider:3 | Received a gift from Okawaru
 36178 | Spider:3 | Noticed Arachne
 36216 | Spider:2 | Killed Arachne
 36841 | Spider:3 | Noticed Louise
 36899 | Spider:3 | Identified the +2 pair of gloves of the Gate {rC+ Int+3}
 37052 | Spider:3 | Killed Louise
 37151 | Spider:3 | Noticed Aizul
 37179 | Spider:3 | Killed Aizul
 37283 | Spider:3 | Noticed Azrael
 37298 | Spider:3 | Received a gift from Okawaru
 37298 | Spider:3 | Found the +7 Kryia's mail coat {PotionHeal*2 rC+}
 37361 | Spider:3 | Killed Azrael
 37362 | Spider:3 | Reached skill level 5 in Dodging
 37960 | Spider:4 | Entered Level 4 of the Spider Nest
 38789 | Spider:4 | Reached skill level 15 in Maces & Flails
 39217 | Spider:4 | Reached XP level 18. HP: 117/122 MP: 24/24
 40088 | Spider:4 | Got a gossamer rune of Zot
 40265 | Swamp:1  | Entered Level 1 of the Swamp
 40681 | Swamp:1  | Identified the +10 halberd of Onil {antimagic, rPois
                  | Stlth+}
 41272 | Swamp:1  | Found a runed translucent gate.
 41272 | Swamp:1  | Found a runed translucent gate.
 41272 | Swamp:1  | Found a runed translucent gate.
 41272 | Swamp:1  | You are sucked into a shaft and drop 1 floor!
 41603 | Swamp:2  | Noticed Kirke
 41625 | Swamp:2  | Killed Kirke
 42182 | Swamp:1  | Noticed pkoi's ghost (journeyman DgAE)
 42214 | Swamp:1  | Found a transporter.
 42236 | Swamp:1  | Identified the +6 scale mail of Okawaru's Favour {Fly rN++
                  | Int+2 Stlth+} (Okawaru gifted it to you on level 1 of the
                  | Swamp)
 42236 | Swamp:1  | Received a gift from Okawaru
 42331 | Swamp:1  | Identified the +2 hunting sling "Beetle's Foe" {freeze, rC+
                  | Int+2}
 42339 | Swamp:1  | Found a transporter.
 43747 | Swamp:4  | Entered Level 4 of the Swamp
 45448 | Swamp:4  | Got a decaying rune of Zot
 45715 | Swamp:4  | Reached XP level 19. HP: 128/128 MP: 20/25
 45926 | Swamp:4  | Identified the +3 morningstar of Sulphur {drain, rF+ Dex+5
                  | Stlth+} (Okawaru gifted it to you on level 4 of the Swamp)
 45926 | Swamp:4  | Received a gift from Okawaru
 46490 | Swamp:1  | Identified the ring "Ziysit" {rF+ rCorr Int-5 Dex+2 SInv}
 46496 | Swamp:1  | Identified the +1 hat "Ocotorgh" {Str+3}
 46918 | Depths:1 | Entered Level 1 of the Depths
 47576 | Vaults:1 | Entered Level 1 of the Vaults
 47866 | Vaults:1 | Received a gift from Okawaru
 48876 | Vaults:1 | Received a gift from Okawaru
 51897 | Vaults:2 | Received a gift from Okawaru
 52023 | Vaults:2 | Reached XP level 20. HP: 120/136 MP: 23/26
 52503 | Vaults:2 | Received a gift from Okawaru
 53135 | Vaults:2 | Found Yfixaokk's Weapon Shoppe.
 54113 | Vaults:2 | Found Axaziyryg's Weapon Shoppe.
 54616 | Vaults:3 | Identified the ring "Tesaeh" {Str+6 Int+3 Stlth+}
 54765 | Vaults:3 | Noticed Nikola
 54907 | Vaults:3 | Identified the +0 animal skin of the Forgotten Emperors
                  | {rF+} (Okawaru gifted it to you on level 3 of the Vaults)
 54907 | Vaults:3 | Received a gift from Okawaru
 56055 | Vaults:3 | Found Volap's Weapon Shoppe.
 56882 | Vaults:3 | Found a staircase to the Crypt.
 57204 | Vaults:2 | Reached XP level 21. HP: 144/144 MP: 27/27
 57257 | Vaults:3 | Killed Nikola
 57257 | Vaults:3 | Identified the +8 flail of Exquisite Torment {speed, Will+
                  | rCorr Int-3} (Okawaru gifted it to you on level 3 of the
                  | Vaults)
 57257 | Vaults:3 | Received a gift from Okawaru
 57748 | Vaults:3 | You are sucked into a shaft and drop 1 floor!
 58248 | Vaults:3 | Got the Guide on Arcane Weapons
 58424 | Vaults:4 | Reached skill level 10 in Dodging
 59270 | Vaults:4 | Found Coeph's Weapon Shoppe.
 59400 | Vaults:4 | Received a gift from Okawaru
 59722 | Vaults:4 | Identified the +1 animal skin of the End {rF+ rN++ Dex-5}
                  | (Okawaru gifted it to you on level 4 of the Vaults)
 59722 | Vaults:4 | Received a gift from Okawaru
 62285 | Depths:1 | Found Isuonot's Book Emporium.
 62499 | Depths:1 | Found Aputz's Jewellery Shoppe.
 63142 | Depths:1 | Reached XP level 22. HP: 120/151 MP: 22/28
 63965 | Depths:1 | Noticed Asterion
 63966 | Depths:1 | Found a gateway to Hell.
 63989 | Depths:1 | Killed Asterion
 64146 | Depths:1 | Noticed a juggernaut
 64182 | Depths:1 | Killed a juggernaut
 64182 | Depths:1 | Identified the +3 demon whip of Totintea {drain, rPois}
                  | (Okawaru gifted it to you on level 1 of the Depths)
 64182 | Depths:1 | Received a gift from Okawaru
 64297 | Depths:1 | Identified the +7 plate armour "Soikim" {rC+ rCorr Int+5}
 65571 | Depths:2 | Noticed Jory
 65622 | Depths:1 | Killed Jory
 65755 | Depths:1 | Received a gift from Okawaru
 66009 | Depths:2 | Found a one-way gate leading to the halls of Pandemonium.
 66233 | Depths:2 | Identified the +1 chain mail "Ziath" {rC+} (Okawaru gifted
                  | it to you on level 2 of the Depths)
 66233 | Depths:2 | Received a gift from Okawaru
 67133 | Depths:2 | Found an ancient bone altar of Kikubaaqudgha.
 67482 | Depths:3 | Found a one-way gateway to a ziggurat.
 68130 | Depths:3 | Found Irhum's Weapon Shop.
 68348 | Depths:3 | Identified the +0 ring mail of the Foremost Souls {MP+9
                  | Dex+6} (Okawaru gifted it to you on level 3 of the Depths)
 68348 | Depths:3 | Received a gift from Okawaru
 68857 | Depths:3 | Reached XP level 23. HP: 140/158 MP: 24/29
 69434 | Depths:3 | Noticed a golden dragon
 69468 | Depths:3 | Identified the +4 hand crossbow of Anguish {vorpal, Drain
                  | rF+ rC+++ Str+3}
 69630 | Depths:3 | Found a shimmering blue altar of Sif Muna.
 69841 | Depths:3 | Found a broken altar of Ashenzari.
 69841 | Depths:3 | Found a blossoming altar of Fedhas.
 69853 | Depths:3 | Found a one-way gate to the infinite horrors of the Abyss.
 70078 | Depths:3 | Found a basalt altar of Yredelemnul.
 70082 | Depths:3 | Found a stormy altar of Qazlal.
 70379 | Depths:4 | Entered Level 4 of the Depths
 71458 | Depths:4 | Noticed Sojobo
 71972 | Depths:4 | Paralysed by an air elemental for 1 turns
 71984 | Depths:4 | Paralysed by an air elemental for 1 turns
 71986 | Depths:4 | Paralysed by an air elemental for 1 turns
 71989 | Depths:4 | Paralysed by an air elemental for 1 turns
 71996 | Depths:4 | Paralysed by an air elemental for 1 turns
 72003 | Depths:4 | Paralysed by an air elemental for 1 turns
 72030 | Depths:4 | Paralysed by an air elemental for 1 turns
 72041 | Depths:4 | Killed Sojobo
 72932 | Depths:4 | Identified the +6 scale mail of Panentheism {Fly Will+
                  | rCorr MP-9} (Okawaru gifted it to you on level 4 of the
                  | Depths)
 72932 | Depths:4 | Received a gift from Okawaru
 74005 | Depths:4 | Noticed a caustic shrike
 74028 | Depths:4 | Killed a caustic shrike
 74040 | Depths:4 | Noticed a caustic shrike
 74084 | Depths:4 | Killed a caustic shrike
 74291 | Depths:4 | Noticed a caustic shrike
 74315 | Depths:4 | Killed a caustic shrike
 74439 | Depths:4 | Cast into level 3 of the Abyss (tengu reaver)
 74538 | Abyss:3  | Found a blossoming altar of Fedhas.
 75023 | Depths:4 | Escaped the Abyss
 75683 | Depths:4 | Reached skill level 10 in Throwing
 75688 | Depths:4 | Found a runed translucent door.
 75723 | Depths:4 | Found a runed translucent door.
 75726 | Depths:4 | Noticed Frederick
 75765 | Depths:4 | Killed Frederick
 75979 | Depths:4 | Found a runed translucent door.
 75992 | Depths:4 | Found a runed translucent door.
 75992 | Depths:4 | Found a runed translucent door.
 76254 | Depths:4 | Found a runed translucent door.
 76313 | Depths:4 | Found a gate to the Realm of Zot.
 76883 | Slime:1  | Entered Level 1 of the Pits of Slime
 77580 | Slime:1  | Reached XP level 24. HP: 166/166 MP: 29/29
 78054 | Slime:2  | Received a gift from Okawaru
 78318 | Slime:2  | Gained mutation: You tend to lose your temper in combat. [a
                  | shining eye]
 78823 | Slime:2  | Identified the +1 robe of Patience {rN+ Str+5 Dex+3}
                  | (Okawaru gifted it to you on level 2 of the Pits of Slime)
 78823 | Slime:2  | Received a gift from Okawaru
 79705 | Slime:3  | You are sucked into a shaft and drop 1 floor!
 81405 | Slime:5  | Entered Level 5 of the Pits of Slime
 82203 | Slime:5  | Gained mutation: You occasionally shout uncontrollably at
                  | your foes. [a shining eye]
 82205 | Slime:5  | Gained mutation: You are clumsy. (Dex -2) [a shining eye]
 82386 | Slime:5  | Gained mutation: You often lose your temper in combat. [a
                  | shining eye]
 82388 | Slime:5  | Gained mutation: Your magical capacity is low. (-10% MP) [a
                  | shining eye]
 82535 | Slime:5  | Found a viscous altar of Jiyva.
 82536 | Slime:5  | Noticed the Royal Jelly
 83886 | Slime:5  | Killed the Royal Jelly
 85073 | Slime:5  | Got the Catalogue of Warped Air
 85088 | Slime:5  | Got a slimy rune of Zot
 85101 | Slime:5  | Identified the +2 dire flail "Jellyslayer" {venom, Str+3}
 85108 | Slime:5  | Identified the +0 cloak of Wisuusab {rElec}
 85114 | Slime:5  | Identified the +8 quarterstaff "Jellybane" {vorpal, Will+}
 85132 | Slime:5  | Identified the +6 morningstar of Abuse {holy, Will+ Dex+4
                  | Stlth+}
 85144 | Slime:5  | Identified the +4 hat of the Fiend {*Corrode rElec rPois
                  | rF-}
 85150 | Slime:5  | Got the Disquisition on Flight and Flames
 85740 | D:15     | Killed AyAyRon's ghost
 85784 | D:15     | Received a gift from Okawaru
 86012 | Zot:1    | Entered Level 1 of the Realm of Zot
 86473 | Zot:1    | Received a gift from Okawaru
 87130 | Zot:1    | Received a gift from Okawaru
 87325 | Zot:1    | Reached XP level 25. HP: 164/173 MP: 25/26
 87507 | Zot:1    | Noticed an orb of fire
 87510 | Zot:1    | Gained mutation: Your body sometimes deteriorates upon
                  | taking damage. [an orb of fire]
 87539 | Zot:1    | Killed an orb of fire
 87952 | Zot:1    | Received a gift from Okawaru
 88273 | Zot:1    | Received a gift from Okawaru
 89985 | Zot:2    | Got the Guide on Frigorific Translocation
 90039 | Zot:1    | Killed from afar by a black draconian knight

Illustrated notes

Levels and vault maps discovered:
D:1:      wheals_arrival_linesprint, layout_loops_cross, serial_shops, shop
D:2:      layout_loops_cross, shapermc_ecumenical_altar_venn, basic_altar,
          uniq_sigmund
D:3:      layout_loops_ring, gammafunk_temple_overflow_elements, kennysheep_nub,
          kennysheep_path_1, chequers_serial_rivers_micro_b
D:4:      layout_cave_pools
D:5:      layout_basic, nicolae_overflow_hidden_temple, enter_ossuary_5,
          biasface_ghost_orc_armoury, uniq_edmund
D:6:      lemuel_slime, layout_basic, serial_shops, shop, kennysheep_mini,
          nicolae_shop_stone, shop, shop, nicolae_grassy_gnolls, uniq_duvessa
D:7:      layout_basic, temple_pool_b, enter_bailey_4
D:8:      layout_basic, uniq_harold, uniq_psyche, uniq_maurice
D:9:      nzn_winding_woodlands_small [nzn_winding_woodlands_5x15_lazy_stream,
          nzn_winding_woodlands_center_lodge, nzn_winding_woodlands_5x15_cabin],
          layout_loops_ring, nicolae_gozag_cash_rules_everything_around_me,
          nicolae_ru_the_path_less_chosen, uniq_erolcha
D:10:     layout_rooms, serial_ice, serial_ice_k, serial_ice_h, serial_ice_a,
          serial_ice_o, serial_ice_m, serial_ice_e,
          nicolae_trove_entry_isolated, kennysheep_diamond
D:11:     layout_loops_ring, lair_entry_dummy, serial_shops, shop_fountains
D:12:     layout_roguey, hiddenorc1_lemuel, serial_shops, shop_fountains,
          kennysheep_cross_bottleneck
D:13:     layout_cave_pods, david_greed
D:14:     minmay_triangles_in_corner, layout_gridville, david_vaults_3,
          amcnicky_mini_rare_corridor_liquid, uniq_frances
D:15:     grunt_enter_depths_snipers, layout_loops_ring,
          pdpol_wu_jian_five_deadly_venoms, gammafunk_ghost_mausoleum,
          serial_shops, nicolae_shop_crystal
Temple:   eino_wide_crystal_templ
Lair:1:   beast_lair_carwin_large_2, layout_regular_city,
          ebering_ghost_reflecting_pool, grunt_forest_large_clearing_hut
Lair:2:   layout_loops_ring, kennysheep_snail_temple
Lair:3:   layout_cave_pods, swamp_mist, uniq_fannar
Lair:4:   layout_gridlike, nicolae_spider_entry_orb_guardian, minmay_holes,
          roderic_batcave
Lair:5:   layout_loops_ring, basic_altar, eino_house_with_fridge,
          grunt_megastairs_2, uniq_nessos
Lair:6:   gammafunk_lair_ancient_temple, layout_misc_corridors, slime_dummy,
          gammafunk_ghost_split, uniq_sonja
Swamp:1:  gammafunk_worm_tunnel, layout_falls_marsh, gammafunk_ghost_hydra_chop,
          nicolae_swamp_feature_on_the_river_bank, swamp_pool2,
          nicolae_swamp_necromancer_hut
Swamp:2:  layout_basic_swamp, hangedman_swamp_ruin_wall, uniq_kirke
Swamp:3:  layout_basic_swamp, serial_swamp_ruin, evilmike_swamp_ruin_house_1,
          hangedman_swamp_ruin_hall, swamp_pool2
Swamp:4:  swamp_alternative, layout_basic_swamp,
          portal_ice_cave_entry_pillars_1, swamp_pool3,
          infiniplex_staircase_pool_2
Spider:1: layout_spider_delve
Spider:2: layout_chambers, nicolae_spider_cling_halls
Spider:3: layout_spider_delve, nicolae_looking_at_the_future, uniq_louise,
          uniq_aizul, uniq_arachne, uniq_azrael
Spider:4: guppyfry_spider_rune
Slime:1:  layout_caves
Slime:2:  nicolae_slime_jelly_donut, layout_caves
Slime:3:  layout_caves
Slime:4:  layout_caves
Slime:5
Orc:1:    layout_diamond_mine, basic_altar, gammafunk_ghost_cemetery, uniq_urug
Orc:2:    grunt_orc_community_town_hall, layout_caves,
          grunt_orc_community_big_house_2, grunt_orc_community_big_house_1,
          grunt_orc_community_house_1, grunt_orc_community_house_3,
          grunt_orc_community_house_1, grunt_orc_community_house_3,
          grunt_orc_community_house_1, enter_volcano_1, uniq_donald
Vaults:1: v_alt_pattern_4, ontoclasm_vaults_claustrophobia, vaults_dpeg_spiral,
          vaults_dpeg_cross, nicolae_vaults_little_squares_2,
          nicolae_vaults_network_star, v_misc_29,
          vaults_room_grunt_arrival_ludios, hangedman_vaults_pinch, v_misc_27,
          hangedman_vaults_impose, vaults_mumra_hex, nicolae_vaults_little_ls,
          layout_vaults_omnicross
Vaults:2: v_misc_13, ontoclasm_vaults_misaligned, ontoclasm_vaults_fault,
          v_misc_33, v_misc_12, grunt_vaults_hallway_short,
          hangedman_vaults_cutoff, dpeg_vaults_monster_box, vaults_room_pools,
          nicolae_vaults_gold_heap, vaults_mumra_hexcomb,
          layout_vaults_chaotic_city, serial_shops, shop
Vaults:3: minmay_crypt_entry_simple_statues, nicolae_vaults_asterisk,
          hangedman_vaults_stagger, nicolae_vaults_stairing_the_circle,
          vaults_dpeg_ring, v_alt_pattern_3, v_misc_23,
          ontoclasm_vaults_ring_small, nicolae_vaults_triangles,
          hangedman_vaults_hat, ontoclasm_vaults_ligature, serial_ice_b,
          nicolae_vaults_windows_and_doors_thing, vaults_room_glass_cross,
          vaults_dpeg_diagonal, vaults_room_grid, layout_vaults_omnibox,
          serial_shops, shop_statue, uniq_nikola
Vaults:4: v_pattern_5, v_alt_pattern_4, vaults_room_pool, vaults_dpeg_doors,
          v_misc_10, vaults_room_grunt_arrival_checkpoint, vaults_dpeg_hooks,
          hangedman_vaults_variations, dpeg_vaults_pockets_of_resistance,
          grunt_vaults_focal, hangedman_vaults_nails, v_misc_27,
          ontoclasm_vaults_ring_large, vaults_room_fancy_cross,
          nicolae_vaults_specimen_jars, layout_vaults_maze, serial_shops, shop
Depths:1: minmay_fractal_lines_corner, layout_honeycomb, hell_entry,
          nicolae_wwwww, lemuel_flamethrower_2, minmay_shoptagon, uniq_asterion
Depths:2: lemuel_vampire_tower, layout_cave_pools, serial_column_ruins,
          column_ruins_portal_astroid, column_ruins_columns_T,
          column_ruins_open_tiny, column_ruins_open_tiny,
          column_ruins_open_tiny, column_ruins_grid_1, rand_demon_pan_entry_1,
          grunt_decor_mini_mirrors, hell_entry
Depths:3: minmay_the_grid_octo_tiled_octocenter_mashed
          [minmay_the_grid_octo_concentric, minmay_the_grid_octo_shrine,
          minmay_the_grid_octo_checkerflower, minmay_the_grid_octo_empty,
          minmay_the_grid_octo_prize_square_snowflake,
          minmay_the_grid_square_5x5_moneybag, minmay_the_grid_square_5x5_slash,
          minmay_the_grid_square_5x5_bracketed, minmay_the_grid_square_5x5_c],
          layout_cave_pools, enter_ziggurat_b, serial_shops, shop,
          serial_rivers, chequers_serial_rivers_micro_a,
          chequers_serial_rivers_room_a, chequers_serial_rivers_large_b,
          chequers_serial_rivers_small_b, chequers_serial_rivers_small_a,
          chequers_serial_rivers_small_3, pan_entry, grunt_hell_horde,
          abyss_entry, mu_enter_wizlab_5, nicolae_sif_muna_condensation
Depths:4: evilmike_zot_entry_castle, layout_gridlike, serial_glass,
          glass_columns_a, glass_columns_c, glass_columns_a, glass_columns_a,
          hangedman_abyss_entry_splay, hangedman_coc_ice_floe, uniq_frederick,
          uniq_sojobo
Zot:1:    kennysheep_spiral_hall, layout_onion, st_large_dragon_hoard_3
Zot:2:    layout_twisted_circle, grunt_megastairs_1

Skill      XL: |  1  2  3  4  5  6  7  8  9 10 11 12 13 14 15 16 17 18 19 20 21 22 23 24 25 |
---------------+----------------------------------------------------------------------------+-----
Shields        | 4 5 6 8 9 10 11 12 13 14 15 16 17 18 19 20 21 22 | 22.6
Fighting       | 4 5 6 8 9 10 11 12 13 14 15 16 17 18 19 20 21 22 | 22.5
Maces & Flails | 3 4 5 7 8 9 10 11 12 13 14 15 16 17 18 | 18.3
Armour         | 4 5 6 8 9 10 11 12 13 14 15 16 17 18 19 20 21 22 | 22.6
Invocations    | 3 5 7 9 |  9.0
Throwing       | 2 4 6 7 8 10 11 12 | 12.2
Dodging        | 3 5 7 8 9 10 11 12 13 14 | 14.0

Action                   |  1- 3 |  4- 6 |  7- 9 | 10-12 | 13-15 | 16-18 | 19-21 | 22-24 | 25-27 || total
-------------------------+-------+-------+-------+-------+-------+-------+-------+-------+-------++-------
Melee: Flail             |   103 |   182 |   321 |       |       |       |       |       |       ||   606
       Whip              |       |       |   104 |   688 |  1719 |  2394 |  2860 |  3999 |       || 11764
       Demon whip        |       |       |       |       |       |       |       |    98 |   531 ||   629
Throw: Dart              |       |       |     5 |     4 |     5 |       |       |     8 |       ||    22
Invok: Heroism           |       |       |       |     1 |     3 |       |     9 |    13 |     2 ||    28
       Finesse           |       |       |       |       |     1 |       |       |     3 |     1 ||     5
Evoke: Wand              |       |       |       |       |       |       |       |     1 |       ||     1
  Use: Potion            |       |     2 |     1 |       |     1 |       |     3 |     2 |     2 ||    11
       Scroll            |       |       |    10 |     4 |    11 |     3 |     5 |    12 |     5 ||    50
Armor: Scale mail        |    46 |    89 |   124 |       |       |       |       |       |       ||   259
       Plate armour      |       |       |    93 |   335 |   476 |       |       |   892 |       ||  1796
       Crystal plate arm |       |       |       |       |   106 |  1176 |  1030 |  1193 |   301 ||  3806
Dodge: Dodged            |    38 |    86 |   123 |   160 |   248 |   777 |   624 |  1070 |   119 ||  3245
Block: Buckler           |    26 |    38 |    68 |    85 |       |       |       |       |       ||   217
       Kite shield       |       |       |       |    87 |   982 |  1621 |  1510 |  2379 |   334 ||  6913
       Reflection        |       |       |       |       |       |       |       |       |     6 ||     6
